AoeStats
← Sparten gio

Black Forest

503991079Analyzed
2v2 RM · 29d ago on Sep 3, 2026· 52m 16s· 4 players
Game mode
Random Map
Map size
Medium (4 player)
Population
200
Speed
Normal
Resources
Standard
Victory
Conquest
Starting age
Dark Age
Ending age
Imperial Age
RankedLock teamsTeams togetherTeam positionsShared explorationLock speedFull tech treeHidden civsTurbo modeCheats
Victory
Defeat
🇺🇸 Burgundians · United States
848
+14
🇹🇷 Lithuanians · Türkiye
802
+16
🇫🇷 Japanese · France
883
-18
🇬🇧 Vietnamese · United Kingdom
739
-12
DonJonSilver
12:52 Feudal Age
12:08 Loom
15:46 Wheelbarrow
20:00 Horse Collar
22:51 Castle Age
21:20 Double-Bit Axe
22:45 Fletching
24:38 Heavy Plow
26:52 Padded Archer Armor
27:10 Fishing Lines
27:36 Bodkin Arrow
28:57 Bow Saw
29:45 Leather Archer Armor
33:34 Ballistics
33:41 Gillnets
38:10 Imperial Age
35:59 Hand Cart
36:27 Town Watch
38:15 Elite Rattan Archer
39:28 Thumb Ring
39:26 Bracer
41:40 Ring Archer Armor
SHADOWFUX
1:23 Loom
13:20 Feudal Age
14:55 Wheelbarrow
14:04 Horse Collar
14:15 Double-Bit Axe
14:37 Fishing Lines
22:27 Castle Age
20:36 Scale Mail Armor
20:47 Forging
21:36 Gold Mining
21:38 Stone Mining
21:46 Stone Mining
24:00 Iron Casting
23:41 Chain Mail Armor
23:46 Hand Cart
23:22 Town Watch
23:42 Squires
23:27 Gambesons
23:29 Arson
24:26 Gold Shaft Mining
24:44 Bow Saw
32:08 Town Patrol
34:44 Imperial Age
35:18 Heavy Plow
35:32 Bow Saw
36:47 Blast Furnace
36:19 Plate Mail Armor
37:22 Two-Man Saw
36:33 Elite Samurai
37:08 Capped Ram
öküzbaş alyon
1:29 Loom
13:54 Feudal Age
19:06 Wheelbarrow
21:43 Castle Age
19:53 Horse Collar
20:07 Gold Mining
20:05 Double-Bit Axe
20:17 Stone Mining
23:14 Bow Saw
25:03 Fervor
25:14 Sanctity
26:06 Stone Shaft Mining
28:04 Hand Cart
27:35 Town Watch
27:56 Heavy Plow
33:08 Imperial Age
31:10 Caravan
31:41 Coinage
32:34 Scale Barding Armor
33:10 Treadmill Crane
33:40 Masonry
33:27 Murder Holes
36:16 Two-Man Saw
36:48 Conscription
35:58 Capped Ram
37:19 Town Patrol
39:15 Architecture
39:05 Forging
39:12 Husbandry
39:23 Bloodlines
40:09 Chain Barding Armor
40:25 Iron Casting
40:21 Scale Mail Armor
40:12 Fletching
40:22 Padded Archer Armor
40:36 Fortified Wall
40:28 Cavalier
43:10 Squires
42:55 Arson
42:31 Pikeman
43:48 Elite Skirmisher
44:08 Paladin
45:12 Bodkin Arrow
49:08 Thumb Ring
Sparten gio
0:44 Loom
11:50 Feudal Age
13:16 Double-Bit Axe
13:59 Town Watch
19:10 Castle Age
17:26 Stone Mining
17:46 Gold Mining
18:30 Bow Saw
18:22 Horse Collar
22:44 Heavy Plow
22:32 Fishing Lines
26:48 Fletching
28:21 Two-Man Saw
27:51 Burgundian Vineyards
30:21 Crop Rotation
31:26 Forging
31:19 Man-at-Arms
32:39 Squires
36:14 Imperial Age
33:59 Scale Barding Armor
33:40 Treadmill Crane
34:14 Fortified Wall
34:30 Bodkin Arrow
35:12 Iron Casting
34:49 Long Swordsman
35:17 Arson
35:45 Scale Mail Armor
36:45 Ballistics
38:16 Blast Furnace
37:17 Padded Archer Armor
37:33 Chain Mail Armor
37:39 Chain Barding Armor
37:25 Husbandry
36:50 Two-Handed Swordsman
38:53 Chemistry
37:48 Arrowslits
38:16 Masonry
38:31 Conscription
38:52 Hoardings
39:11 Gold Shaft Mining
38:17 Champion
42:08 Plate Mail Armor
41:54 Leather Archer Armor
47:01 Plate Barding Armor
Connection lost

Rejoining the realm…

Still unreachable

The connection could not be restored.

Session expired

The server has moved on; the page needs a fresh start.